 Dungeon Crawl Stone Soup version 0.25.0-11-g1f837a76a1 (webtiles) character file.

Game seed: 14575012303018433374

551 xccam the Cutter (level 7, -12/46 HPs)
             Began as a Tengu Assassin on June 25, 2020.
             Mangled by an orc warrior
             ... wielding a +1 halberd of venom
              (24 damage)
             ... on level 4 of the Dungeon.
             The game lasted 00:05:02 (3770 turns).

xccam the Cutter (Tengu Assassin)                   Turns: 3770, Time: 00:05:02

Health: -12/46     AC:  5    Str: 11    XL:     7   Next: 29%
Magic:  8/8        EV: 16    Int: 14    God:
Gold:   173        SH:  0    Dex: 15    Spells: 6/6 levels left

rFire    . . .     SeeInvis .   h - +0 dagger (venom)
rCold    . . .     Gourm    .   (no shield)
rNeg     . . .     Faith    .   o - +0 leather armour (curse)
rPois    .         Spirit   .   (helmet restricted)
rElec    .         Reflect  .   c - +0 cloak
rCorr    .         Harm     .   s - +0 pair of gloves
MR       .....                  (boots unavailable)
Stlth    ++........             (no amulet)
HPRegen  0.15/turn              (no ring)
MPRegen  0.11/turn              (no ring)

@: flying quickly and evasively, quick
A: beak, talons 3, robust 1, able to fly
a: Stop Flying


You were on level 4 of the Dungeon.
You were not hungry.

You visited 1 branch of the dungeon, and saw 4 of its levels.

You collected 173 gold pieces.

Inventory:

Hand Weapons
 a - a +2 dagger
 h - a +0 dagger of venom (weapon)
Missiles
 d - 24 poisoned darts (quivered)
 e - 2 curare-tipped darts
Armour
 c - a +0 cloak (worn)
 o - a cursed +0 leather armour (worn)
 s - a +0 pair of gloves (worn)
Jewellery
 r - an uncursed ring of poison resistance {unknown}
Wands
 j - a wand of iceblast (9)
 w - a wand of clouds (3)
Scrolls
 b - a scroll of remove curse {unknown}
 k - a scroll of fog {unknown}
 l - 2 scrolls of enchant armour {unknown}
 m - a scroll of teleportation {unknown}
 p - 2 scrolls of amnesia {unknown}
 q - a scroll of noise {unknown}
 v - a scroll of magic mapping {unknown}
 x - a scroll of identify {unknown}
Potions
 g - a potion of heal wounds {unknown}
 i - a potion of might
 n - a potion of magic {unknown}
 t - a potion of haste {unknown}
 u - a potion of flight {unknown}
Comestibles
 f - 9 rations


   Skills:
 + Level 3.6 Fighting
 - Level 6.0 Short Blades
 - Level 2.0 Throwing
 + Level 3.2 Armour
 + Level 3.5 Dodging
 - Level 4.0 Stealth


You had 6 spell levels left.
You didn't know any spells.
Your spell library was empty.

Dungeon Overview and Level Annotations

Branches:
Dungeon (4/15)
 Temple: D:4-7

Altars:
Cheibriados
Gozag
Sif Muna
Uskayaw


Innate Abilities, Weirdness & Mutations

You have a beak for a mouth.
You have claws for feet.
You can fly continuously.
You are robust. (+10% HP)


Message History

The orc warrior is lightly wounded.
You feel sick.
You feel sick.
The orc warrior hits you from afar with a +1 halberd of venom.
You are more poisoned.
You feel sick.
Throwing (i - inventory. (/) - cycle)
d - 25 poisoned darts (quivered)
Press: ? - help, Shift-Dir - straight line, f - orc warrior
Aim: an orc warrior, wielding a +1 halberd of venom and wearing a +0 chain mail (moderately wounded, extremely poisoned)
You throw a poisoned dart.
The poisoned dart closely misses the orc warrior.
You feel sick.
The orc warrior hits you from afar with a +1 halberd of venom!!
* * * LOW HITPOINT WARNING * * *
You are more poisoned.
You hear a shout!
It was a potion of curing.
You feel better.
The orc warrior hits you from afar with a +1 halberd of venom!!
Ouch! That really hurt!
You die...

#...!...# #..............
#.......####..............
#..(.....(##..........###.
#.....#.###########.###+
#.....#<..###.....#.#...
#....Z)o....'.....'.+...
#.....#o#.###.....#.#...
#.....#.#.# #.....#.#...
.o.##+##@#.###.....#.#...
..............#.#####.#...
.o..####.####.........####
.. #.....##...#######
.......#.###
.......#.############
...._.................
.#.......#..###########
.......#..#


You could see an orc warrior (very poisoned) and an orc.

Vanquished Creatures
  Sigmund (D:2)
  An ogre (D:4)
  The ghost of Enish the Caller, a weakling VSSu (D:3)
  2 orc priests (D:3)
  An iguana (D:4)
  An orc wizard (D:3)
  A worker ant (D:4)
  5 adders
  3 oozes
  2 worms (D:2)
  2 leopard geckos
  6 orcs
  2 ball pythons
  A giant cockroach (D:1)
  6 goblins
  2 hobgoblins
  11 jackals
  4 quokkas
  5 bats
  7 frilled lizards
  9 kobolds
  7 rats
80 creatures vanquished.

Notes
Turn   | Place    | Note
-------+----------+-------------------------------------------
     0 | D:1      | xccam the Tengu Assassin began the quest for the Orb.
     0 | D:1      | Reached XP level 1. HP: 12/12 MP: 2/2
   256 | D:1      | Reached skill level 3 in Short Blades
   256 | D:1      | Reached XP level 2. HP: 17/17 MP: 3/3
   638 | D:1      | Reached XP level 3. HP: 21/21 MP: 4/4
   908 | D:2      | Reached skill level 4 in Short Blades
  1337 | D:2      | Noticed Sigmund
  1357 | D:2      | Gained mutation: You are robust. (+10% HP) [potion of
                  | mutation]
  1362 | D:2      | Killed Sigmund
  1362 | D:2      | Reached skill level 6 in Short Blades
  1362 | D:2      | Reached skill level 1 in Armour
  1362 | D:2      | Reached XP level 4. HP: 4/29 MP: 5/5
  1362 | D:2      | Gained mutation: You can fly continuously. [Tengu growth]
  1362 | D:2      | Reached XP level 5. HP: 5/34 MP: 6/6
  1641 | D:2      | Found a hide-covered altar of Uskayaw.
  1755 | D:2      | Reached XP level 6. HP: 28/39 MP: 7/7
  2677 | D:3      | Found a large runed translucent door.
  2677 | D:3      | Found a large runed translucent door.
  2681 | D:3      | Noticed Enish's ghost (weakling VSSu)
  2703 | D:3      | Killed Enish's ghost
  2947 | D:3      | Found an opulent altar of Gozag.
  3203 | D:4      | Reached XP level 7. HP: 45/45 MP: 8/8
  3263 | D:4      | Found a shimmering blue altar of Sif Muna.
  3608 | D:4      | Found a snail-covered altar of Cheibriados.
  3770 | D:4      | Mangled by an orc warrior

Illustrated notes

Levels and vault maps discovered:
D:1:      sevenhm_arrival_forest_fort_small_5, layout_basic,
          hangedman_abyss_or_decor_stabs, kennysheep_boxes
D:2:      layout_rooms, eat_drink_and_be_merry_uskayaw, serial_glass,
          glass_columns_b, glass_columns_c, glass_columns_c, glass_columns_a,
          glass_columns_c, glass_columns_c, glass_columns_a, glass_columns_a,
          glass_columns_b, glass_columns_b, uniq_sigmund
D:3:      layout_rooms, nicolae_overflow_hidden_temple, first_ration,
          ebering_ghost_disaster_area, minivault_4, kennysheep_generic_room_8
D:4:      layout_basic, old_standard_altar, old_standard_altar,
          hangedman_minor_gate_pass

Skill      XL: |  1  2  3  4  5  6 |
---------------+-------------------+-----
Short Blades   | 3 6 |  6.0
Armour         | 1 3 |  3.2
Dodging        | 3 |  3.5
Fighting       | 3 |  3.6
Throwing       | |  2.0
Stealth        | |  4.0

Action                   |  1- 3 |  4- 6 |  7- 9 || total
-------------------------+-------+-------+-------++-------
Melee: Dagger            |    98 |   118 |    33 ||   249
       Kick              |    22 |    32 |     9 ||    63
       Peck              |    13 |    14 |     6 ||    33
Throw: Dart              |     2 |     6 |     1 ||     9
 Abil: Fly               |       |     1 |       ||     1
  Use: Potion            |     3 |       |     1 ||     4
 Stab: Sleeping          |     4 |     4 |     4 ||    12
  Eat: Chunk             |     1 |     6 |     2 ||     9
Armor: Robe              |    20 |       |       ||    20
       Leather armour    |     1 |    12 |     6 ||    19
Dodge: Dodged            |    50 |    57 |     8 ||   115
